 Dungeon Crawl Stone Soup version 0.26-a0-720-g2a1d101370 (webtiles) character file.

Game seed: 2618314274328130083

1691 Murumi the Chucker (level 9, -4/88 HPs)
             Began as an Ogre Conjurer on Nov 2, 2020.
             Slain by a killer bee (10 damage)
             ... on level 6 of the Dungeon.
             The game lasted 00:23:09 (7405 turns).

Murumi the Chucker (Ogre Conjurer)                  Turns: 7405, Time: 00:23:10

Health: -4/88      AC:  4    Str: 16    XL:     9   Next: 2%
Magic:  8/13       EV: 10    Int: 19    God:
Gold:   312        SH:  0    Dex:  7    Spells: 11/14 levels left

rFire    + . .     SeeInvis .   l - +1 flail (venom)
rCold    . . .     Faith    .   (no shield)
rNeg     . . .     Spirit   .   a - +1 robe
rPois    .         Reflect  .   (helmet restricted)
rElec    .         Harm     .   w - scarf {repulsion}
rCorr    .         Rampage  .   (gloves unavailable)
MR       +....                  (boots unavailable)
Stlth    ++........             (no amulet)
HPRegen  0.24/turn              o - ring of protection from fire
MPRegen  0.13/turn              q - ring of protection from magic

@: mighty, repel missiles
A: large, unfitting armour, tough skin 1
a: no special abilities


You were on level 6 of the Dungeon.
You visited 1 branch of the dungeon, and saw 6 of its levels.

You collected 312 gold pieces.

Inventory:

Hand Weapons
 l - a +1 flail of venom (weapon)
 m - a +1 whip
Missiles
 f - 117 stones (quivered)
 k - 2 large rocks
 p - 15 poisoned darts
Armour
 a - a +1 robe (worn)
 w - a scarf of repulsion (worn)
Jewellery
 o - a ring of protection from fire (left hand)
 q - a ring of protection from magic (right hand)
 t - an uncursed ring of resist corrosion
Wands
 s - a wand of paralysis (9)
 v - a wand of acid (5)
 x - a wand of polymorph (6)
Scrolls
 c - 3 scrolls of teleportation
 h - 5 scrolls of remove curse
 n - 2 scrolls of amnesia
Potions
 b - 2 potions of brilliance
 d - a potion of haste
 e - a potion of lignification
 i - a potion of curing
 j - a potion of flight
 r - a potion of cancellation {unknown}
 u - 2 potions of stabbing


   Skills:
 + Level 5.1 Fighting
 - Level 6.0 Maces & Flails
 - Level 7.0 Throwing
 - Level 2.0 Dodging
 - Level 2.0 Stealth
 - Level 3.0 Spellcasting
 - Level 4.0 Conjurations
 - Level 1.0 Evocations


You had 11 spell levels left.
You knew the following spells:

 Your Spells              Type           Power        Failure   Level
a - Magic Dart            Conj           ###.         3%          1
b - Searing Ray           Conj           ###...       4%          2

Your spell library contained the following spells:

 Spells                   Type           Power        Failure   Level
 Dazzling Flash           Conj/Hex       ##....       21%         3
 Fulminant Prism          Conj/Hex       ##........   54%         4
 Iskenderun's Mystic Bla  Conj/Tloc      ##......     54%         4


Dungeon Overview and Level Annotations

Branches:
Dungeon (6/15)
 Temple: D:4-7

Altars:
Uskayaw
Yredelemnul

Shops:
D:6 (


Innate Abilities, Weirdness & Mutations

You are too large for most types of armour.
You have tough skin. (AC +1)


Message History

The killer bee is heavily wounded. (Press . to maintain the ray.)
You feel less wooden.
Your scarf of repulsion unmelds from your body.
Your +1 robe unmelds from your body.
You are surrounded by a repulsion field.
The killer bee misses you.
The searing ray hits the killer bee.
The killer bee is heavily wounded.
The searing ray hits the killer bee!
You kill the killer bee!
Training target 6.0 for Maces & Flails reached!
Your Maces & Flails skill increases to level 6!
You need to enable at least one skill for training.
The killer bee stings you!
* * * LOW HITPOINT WARNING * * *
The killer bee stings you but does no damage.
Unknown command.
The searing ray misses the killer bee.
The killer bee stings you!
You die...

####.....#
##.#......# #.....#
#........#
#..†..#####.....^..
#................#
#.....#####......#
#∩....# #...#### .
#.....# #...# ..
####### #.)># ...
#.#@# .... #)#y#
.....
#.#†#######......
#......yy........
#........y.......
#..........######
#..........#
#..........#
##.........#


You could see a killer bee.

Vanquished Creatures
  A cyclops (D:6)
  A necrophage (D:5)
  An ogre (D:6)
  A centaur (D:6)
  A big kobold (D:3)
  A scorpion (D:6)
  5 killer bees (D:6)
  2 howler monkeys
  Crazy Yiuf (D:2)
  A hound (D:5)
  3 orc priests
  3 orc wizards
  A centaur skeleton (D:5)
  2 bullfrog skeletons
  2 iguanas
  5 worker ants
  4 adders
  3 gnolls (D:5)
  A white imp (D:5)
  2 ufetubi
  2 oozes
  A dart slug (D:3)
  5 leopard geckos
  8 orcs
  10 bats
  6 giant cockroaches
  5 goblins
  6 hobgoblins
  4 jackals (D:3)
  4 frilled lizards
  A jackal zombie (D:6)
  5 kobolds
  An orc zombie (D:6)
  5 rats
104 creatures vanquished.

Notes
Turn   | Place    | Note
-------+----------+-------------------------------------------
     0 | D:1      | Murumi the Ogre Conjurer began the quest for the Orb.
     0 | D:1      | Reached XP level 1. HP: 16/16 MP: 3/3
   468 | D:1      | Reached XP level 2. HP: 24/24 MP: 4/6
   472 | D:1      | Learned a level 2 spell: Searing Ray
  1275 | D:2      | Reached XP level 3. HP: 31/31 MP: 2/7
  1526 | D:2      | Found a hide-covered altar of Uskayaw.
  1558 | D:2      | Reached skill level 1 in Throwing
  1718 | D:2      | Found a runed translucent door.
  1719 | D:2      | Noticed Crazy Yiuf
  1726 | D:2      | Killed Crazy Yiuf
  1726 | D:2      | Reached skill level 1 in Maces & Flails
  1726 | D:2      | Reached skill level 1 in Fighting
  1726 | D:2      | Reached XP level 4. HP: 41/41 MP: 3/8
  1969 | D:3      | Noticed a big kobold
  1996 | D:3      | Killed a big kobold
  1996 | D:3      | Reached skill level 2 in Throwing
  1996 | D:3      | Reached XP level 5. HP: 49/49 MP: 2/9
  2839 | D:4      | Reached skill level 3 in Throwing
  3193 | D:4      | Reached XP level 6. HP: 56/57 MP: 5/10
  3669 | D:4      | Reached skill level 4 in Throwing
  3756 | D:4      | Reached XP level 7. HP: 59/67 MP: 5/11
  3839 | D:4      | Found a basalt altar of Yredelemnul.
  4234 | D:5      | Entered Level 5 of the Dungeon
  5148 | D:5      | Reached skill level 1 in Evocations
  5614 | D:5      | Reached skill level 5 in Throwing
  6138 | D:6      | Reached XP level 8. HP: 78/78 MP: 12/12
  6359 | D:6      | Reached skill level 5 in Maces & Flails
  6552 | D:6      | Noticed a cyclops
  6556 | D:6      | HP: 2/78 [cyclops/large rock (41)]
  6916 | D:6      | Killed a cyclops
  6916 | D:6      | Reached skill level 6 in Throwing
  6916 | D:6      | Reached skill level 5 in Fighting
  7199 | D:6      | Found Zuruub's Weapon Shop.
  7310 | D:6      | Reached skill level 7 in Throwing
  7403 | D:6      | Reached XP level 9. HP: 19/88 MP: 10/13
  7405 | D:6      | Slain by a killer bee

Illustrated notes

Levels and vault maps discovered:
D:1:      onia_arrival_pentagram, layout_basic, chequers_serial_rivers_small_3
D:2:      layout_basic, eat_drink_and_be_merry_uskayaw, uniq_crazy_yiuf_cottage
D:3:      layout_basic, minmay_distorted
D:4:      layout_loops_corners, yredelemnul_altar_generic,
          kennysheep_another_room
D:5:      layout_layer_cave, kennysheep_generic_room_11
D:6:      layout_basic, serial_shops, shop, minmay_mini_ossuary

Skill      XL: |  1  2  3  4  5  6  7  8  9 |
---------------+----------------------------+-----
Spellcasting   | 3 |  3.0
Conjurations   | 4 |  4.0
Dodging        | 2 |  2.0
Stealth        | 2 |  2.0
Throwing       | 1 2 3 4 5 7 |  7.0
Maces & Flails | 1 2 3 4 5 6 |  6.0
Fighting       | 1 2 3 4 5 |  5.1
Evocations     | 1 |  1.0

Action                   |  1- 3 |  4- 6 |  7- 9 || total
-------------------------+-------+-------+-------++-------
Melee: Unarmed           |    12 |       |       ||    12
       Club              |     1 |       |       ||     1
       Mace              |       |    14 |       ||    14
       Whip              |       |     9 |       ||     9
       Flail             |       |     3 |   117 ||   120
Throw: Stone             |     2 |    13 |    87 ||   102
       Dart              |       |     7 |    12 ||    19
 Cast: Magic Dart        |    49 |    32 |       ||    81
       Searing Ray       |     3 |    10 |    12 ||    25
  Use: Scroll            |     8 |     5 |     6 ||    19
       Potion            |       |     1 |     3 ||     4
 Stab: Sleeping          |       |       |     1 ||     1
Armor: Robe              |    13 |     7 |    25 ||    45
       Skin              |       |    17 |    64 ||    81
Dodge: Dodged            |    16 |    21 |    81 ||   118

Table legend: (Time is in decaauts)
 A = Elapsed time spent in this place.
 B = Non-inter-level travel time spent in this place.
 C = Inter-level travel time spent in this place.
 D = Time resting spent in this place.
 E = Time spent auto-exploring this place.
 F = Levels seen in this place.
 G = Mean time per level.
                   A        B        C        D        E       F      G
               +--------+--------+--------+--------+--------+-----+--------+
         Total |   7426 |   6834 |    592 |    299 |   5731 |   6 | 1237.7 |
       Dungeon |   7426 |   6834 |    592 |    299 |   5731 |   6 | 1237.7 |
               +--------+--------+--------+--------+--------+-----+--------+

Top non-repeatable levels by time:
     D:5: 2136 daAuts
     D:4: 1466 daAuts
     D:6: 986 daAuts
     D:1: 985 daAuts
     D:2: 939 daAuts
     D:3: 913 daAuts
